 Seeded DCSS version 0.29.1-15-g9cfb28693d (webtiles) character file.

Game seed: 1 (custom seed)

739 Kazon the Carver (level 7, -2/59 HPs)
             Began as a Barachi Fighter on Apr 6, 2023.
             Was an Initiate of Okawaru.
             Slain by a bullfrog (7 damage)
             ... in the Ecumenical Temple.
             The game lasted 00:11:06 (2620 turns).

Kazon the Carver (Barachi Fighter)                  Turns: 2620, Time: 00:11:07

Health: -2/59      AC: 12    Str: 17    XL:     7   Next: 75%
Magic:  2/2        EV: 11    Int: 11    God:    Okawaru [......]
Gold:   279        SH:  5    Dex: 14    Spells: 6/6 levels left

rFire   . . .      SeeInvis .   f - +10 double sword "Hiyca" {antimagic, Dex+3}
rCold   . . .      Faith    .   c - +0 buckler
rNeg    + . .      Spirit   .   m - +0 scale mail
rPois   .          Reflect  .   l - +0 helmet
rElec   .          Harm     .   (no cloak)
rCorr   .          Rampage  .   (no gloves)
Will    .....                   n - +2 pair of boots
Stlth   +.........              g - amulet of the acrobat
HPRegen 0.19/turn               t - ring of positive energy
MPRegen 0.08/turn               (no ring)

@: lethally poisoned (-2 -> -3), slowed, very slow
A: amphibious, slowness 1, strong legs 1, +LOS
a: Hop, Renounce Religion


You were in the Ecumenical Temple.
You worshipped Okawaru.
Okawaru was noncommittal.
You visited 2 branches of the dungeon, and saw 7 of its levels.

You collected 279 gold pieces.

Inventory:

Hand Weapons
 a - a +0 long sword
 e - a +2 dagger of venom
 f - the +10 double sword "Hiyca" (weapon) {antimagic, Dex+3}
   (You acquired it on level 1 of the Dungeon)

   It reduces the magical energy of the wielder, and disrupts the spells and
   magical abilities of those it strikes.
   Natural abilities and divine invocations are not affected.
   Dex:       It affects your dexterity (+3).
Missiles
 k - 7 stones
 o - 4 boomerangs (quivered)
 r - a throwing net
Armour
 c - a +0 buckler (worn)
 l - a +0 helmet (worn)
 m - a +0 scale mail (worn)
 n - a +2 pair of boots (worn)
Jewellery
 g - an amulet of the acrobat (around neck)
 t - a ring of positive energy (left hand)
Scrolls
 i - 6 scrolls of identify
 p - a scroll of immolation {unknown}
 s - a scroll of fog {unknown}
 u - a scroll of teleportation {unknown}
Potions
 b - 2 potions of berserk rage {unknown}
 d - 2 potions of might
 h - a potion of flight
 j - a potion of attraction {unknown}
 q - 2 potions of haste {unknown}
 v - a potion of curing
 w - a potion of cancellation


   Skills:
 + Level 6.7 Fighting
 + Level 4.6(6.6) Short Blades
 + Level 8.0(8.7) Long Blades
 + Level 4.6 Throwing
 + Level 6.6 Armour
 + Level 4.5 Dodging
 + Level 3.9 Stealth
 + Level 5.8 Shields


You had 6 spell levels left.
You didn't know any spells.
Your spell library contained the following spells:

 Spells                   Type           Power      Damage    Failure   Level
 Apportation              Tloc           0%         N/A       80%         1
 Necrotise                Necr           0%         1d4       80%         1
 Sting                    Tmut/Pois      0%         1d3       80%         1
 Poisonous Vapours        Pois/Air       0%         N/A       90%         2
 Olgreb's Toxic Radiance  Pois           0%         N/A       100%        4
 Summon Small Mammal      Summ           Unusable   N/A       N/A         1

Dungeon Overview and Level Annotations

Branches:
Dungeon (7/15)             Temple (1/1) D:7

Altars:
Ashenzari
Dithmenos
Fedhas
Gozag
Makhleb
Nemelex Xobeh
Okawaru
Qazlal
Xom

Shops:
D:3 (


Innate Abilities, Weirdness & Mutations

You are amphibious.
You cover ground slowly.
You can hop short distances.
You have an extended range of vision and can be seen from far away.


Message History

You feel as though you will be slow longer.
You block the kobold's attack. The kobold hits you but does no damage.
The bullfrog hits you.
You climb downwards.
Welcome back to the Ecumenical Temple!
You feel extremely sick.
There is a staircase back to the Dungeon here.
You hit the kobold.
The kobold is severely wounded.
You feel very sick.
The bullfrog hits you but does no damage.
The kobold hits you but does no damage.
The kobold hits you with a +0 short sword.
The bullfrog hits you.
* * * LOW HITPOINT WARNING * * *
The kobold barely misses you. The kobold hits you but does no damage.
The bullfrog hits you but does no damage.
You slice the kobold!!
You kill the kobold!
Okawaru accepts your kill.
You feel very sick. The bullfrog barely misses you.
The kobold hits you but does no damage. You block the bullfrog's attack.
You slash the kobold!
You kill the kobold!
Okawaru accepts your kill.
You feel very sick.
The bullfrog hits you but does no damage.
The bullfrog releases a deep croak.
The bullfrog completely misses you.
The bullfrog hits you but does no damage.
You slice the bullfrog!!
The bullfrog is almost dead.
You feel sick.
The bullfrog hits you but does no damage. x2
You barely miss the bullfrog.
The bullfrog is almost dead.
You feel sick. The bullfrog hits you.
* * * LOW HITPOINT WARNING * * *
The bullfrog hits you!
You die...

≈≈≈≈♣♣♣♣ ≈≈≈≈≈~~~♣♣♣
≈≈≈~~...~~~♣♣♣ ~
≈≈≈~.......~~~♣♣♣~~
≈≈≈≈~.§..._...~~~~~~
≈≈≈≈~..♣♣......~~~
≈≈~≈...~.....♣.. ~~..
♣≈≈.~..♣.~§.F)♣♣.....
♣≈~~..♣....§@..§.~♣
♣~...♣...§§..~~.♣♣
♣≈~...§_..~.........
♣≈.♣.......♣♣~_....
♣≈~....~.....§.~...
♣♣≈....~.♣.♣....§..
♣♣~_..♣...~.§~..._
♣...♣♣......~♣♣..
♣......♣♣._.~♣ ♣.


You could see a bullfrog.

Vanquished Creatures
  An orc warrior (D:6)
  A centaur (D:6)
  A scorpion (D:4)
  A hound (D:4)
  4 orc priests
  An iguana (D:4)
  Robin (D:3)
  3 gnolls (D:2)
  4 adders
  A worm (D:2)
  10 orcs
  11 endoplasms
  A giant cockroach (D:1)
  14 goblins
  8 hobgoblins
  6 kobolds
  A quokka (D:1)
  4 ball pythons
  4 bats
  3 frilled lizards
  6 rats
86 creatures vanquished.

Notes
Turn   | Place    | Note
-------+----------+-------------------------------------------
     0 | D:1      | Kazon the Barachi Fighter began the quest for the Orb.
     0 | D:1      | Reached XP level 1. HP: 18/18 MP: 1/1
    46 | D:1      | Identified a scroll of acquirement
    46 | D:1      | Acquired the +10 double sword "Hiyca" {antimagic, Dex+3}
   108 | D:1      | Reached XP level 2. HP: 24/25 MP: 0/2
   648 | D:2      | Reached XP level 3. HP: 25/30 MP: 1/3
   657 | D:2      | Reached skill level 3 in Long Blades
  1135 | D:2      | Reached XP level 4. HP: 37/37 MP: 1/4
  1141 | D:2      | Reached skill level 4 in Long Blades
  1290 | D:3      | Found Umat's Antique Weapon Boutique.
  1458 | D:3      | Noticed Robin
  1469 | D:3      | Reached XP level 5. HP: 34/42 MP: 1/5
  1472 | D:3      | Killed Robin
  1473 | D:3      | Reached skill level 5 in Long Blades
  1876 | D:3      | Reached skill level 7 in Long Blades
  1876 | D:3      | Reached skill level 5 in Shields
  1876 | D:3      | Reached XP level 6. HP: 53/53 MP: 2/6
  2050 | D:4      | Reached XP level 7. HP: 58/59 MP: 2/7
  2175 | D:4      | You fall into a shaft and drop 2 floors!
  2375 | D:6      | Reached skill level 8 in Long Blades
  2591 | D:7      | Found a staircase to the Ecumenical Temple.
  2598 | Temple   | Entered the Ecumenical Temple
  2605 | Temple   | Became a worshipper of Warmaster Okawaru
  2620 | Temple   | Slain by a bullfrog

Illustrated notes

Levels and vault maps discovered:
D:1:      dpeg_arrival_three_smaller_balls, layout_basic
D:2:      layout_loops_ring
D:3:      layout_basic, serial_shops, nicolae_shop_stone, st_stairs_9,
          minmay_misc_feat_doors, eino_curves_03, uniq_robin
D:4:      minmay_wonky_spiral, layout_basic,
          mainiacjoe_overflow_surrounded_room, minivault_5
D:6:      cheibrodos_barr_body, layout_basic, minmay_crystal_room,
          minmay_pentangle, uniq_maggie, uniq_edmund
D:7:      layout_cave_pools, nicolae_uskayaw_murder_on_the_dancefloor,
          elyvilon_altar_4, minmay_temple_entry_purple_smoke
Temple:   nicolae_temple_bog_church

Skill      XL: |  1  2  3  4  5  6  7 |
---------------+----------------------+-----
Fighting       | 4 6 |  6.7
Armour         | 4 6 |  6.6
Long Blades    | 3 4 7 8 |  8.0
Short Blades   | 4 |  4.6
Throwing       | 4 |  4.6
Dodging        | 4 |  4.5
Stealth        | 3 |  3.9
Shields        | 5 |  5.8

Action                   |  1- 3 |  4- 6 |  7- 9 || total
-------------------------+-------+-------+-------++-------
Melee: Double sword      |    57 |    66 |    29 ||   152
       Long sword        |     1 |       |       ||     1
Throw: Stone             |    12 |    13 |     8 ||    33
       Boomerang         |       |     9 |     3 ||    12
  Use: Scroll            |     1 |       |     2 ||     3
       Potion            |       |     1 |     1 ||     2
Armor: Scale mail        |    40 |    17 |    18 ||    75
Dodge: Dodged            |    39 |    23 |    18 ||    80
Block: Buckler           |    18 |    12 |     7 ||    37
